 Dungeon Crawl Stone Soup version 0.23.1 (webtiles) character file.

Game seed: 0

13783 H0rd4k the Carver (level 12, -2/94 HPs)
             Began as a Human Artificer on Mar 4, 2019.
             Was an Initiate of Gozag.
             Slain by an orc
             ... wielding a +0 club
             ... led by an orc knight
              (4 damage)
             ... on level 1 of the Orcish Mines.
             The game lasted 00:50:44 (16667 turns).

H0rd4k the Carver (Human Artificer)                Turns: 16667, Time: 00:50:48

Health: -2/94      AC: 18    Str: 16    XL:     12   Next: 37%
Magic:  16/16      EV: 13    Int: 13    God:    Gozag
Gold:   937        SH:  0    Dex: 14    Spells: 11/11 levels left

rFire    . . .     SeeInvis +   h - +7 falchion (freeze)
rCold    + . .     Gourm    .   (no shield)
rNeg     . . .     Faith    .   g - +1 scale mail {MR+}
rPois    .         Spirit   .   E - +2 helmet
rElec    .         Reflect  .   w - +2 cloak
rCorr    .         Harm     .   o - +0 pair of gloves
MR       +....                  i - +0 pair of boots
Stlth    +.........             P - amulet of the acrobat
HPRegen  0.25/turn              J - ring of see invisible
MPRegen  0.15/turn              Q - ring of protection from cold

@: no status effects
A: no striking features
a: Potion Petition, Call Merchant, Bribe Branch, Renounce Religion


You were on level 1 of the Orcish Mines.
You worshipped Gozag.
Gozag was pleased with you.
You were not hungry.

You visited 4 branches of the dungeon, and saw 15 of its levels.

You collected 1911 gold pieces.
You spent 300 gold pieces at shops.
You paid 674 gold pieces to Gozag.

Inventory:

Hand Weapons
 h - a +7 falchion of freezing (weapon)
 z - a +2 dagger of electrocution
 H - a +2 hunting sling of velocity
 R - a +4 dagger
 U - a +0 long sword of holy wrath
Missiles
 b - a throwing net
 l - 7 javelins (quivered)
 r - 7 steel javelins
Armour
 g - a +1 scale mail of magic resistance (worn)
 i - a +0 pair of boots (worn)
 o - a +0 pair of gloves (worn)
 w - a +2 cloak (worn)
 E - a +2 helmet (worn)
Magical Staves
 D - an uncursed staff of earth
Jewellery
 a - an uncursed ring of poison resistance
 q - an uncursed ring of flight
 u - an uncursed ring of resist corrosion
 J - a ring of see invisible (left hand)
 P - an amulet of the acrobat (around neck)
 Q - a ring of protection from cold (right hand)
 V - an uncursed amulet of the gourmand
Wands
 d - a wand of enslavement (12)
 M - a wand of polymorph (11)
 X - a wand of iceblast (5)
Scrolls
 m - 6 scrolls of identify
 p - 5 scrolls of teleportation
 A - a scroll of blinking
 F - a scroll of brand weapon
 I - a scroll of enchant armour
 T - 2 scrolls of fog
Potions
 j - a potion of curing
 k - a potion of haste {unknown}
 n - 3 potions of agility
 s - 2 potions of cancellation
 t - 3 potions of mutation {unknown}
 v - 2 potions of berserk rage {unknown}
 B - a potion of brilliance {unknown}
 C - 2 potions of might {unknown}
 G - a potion of magic {unknown}
Comestibles
 f - 8 rations


   Skills:
 + Level 8.5 Fighting
 + Level 6.8(9.2) Short Blades
 + Level 9.7(10.5) Long Blades
   Level 1.4 Axes
 + Level 8.2 Armour
 + Level 7.0 Dodging
 + Level 4.2 Stealth
 + Level 0.2 Unarmed Combat
 + Level 6.0 Evocations


You had 11 spell levels left.
You didn't know any spells.
Your spell library contained the following spells:

 Spells                   Type           Power        Failure   Level  Hunger
 Animate Skeleton         Necr           N/A          67%         1    ##.....
 Apportation              Tloc           #.....       67%         1    ##.....
 Confusing Touch          Hex            #.....       67%         1    ##.....
 Pain                     Necr           #...         67%         1    ##.....
 Summon Small Mammal      Summ           #...         67%         1    ##.....
 Regeneration             Chrm/Necr      #.........   95%         3    ####...
 Vampiric Draining        Necr           #.........   95%         3    ####...
 Animate Dead             Necr           N/A          100%        4    #####..


Dungeon Overview and Level Annotations

Branches:
Dungeon (12/15)            Temple (1/1) D:6            Lair (1/6) D:8
    Orc (1/2) D:9

Altars:
Ashenzari
Cheibriados
Dithmenos
Elyvilon
Fedhas
Gozag
Hepliaklqana
Kikubaaqudgha
Makhleb
Nemelex Xobeh
Okawaru
Qazlal
Ru
Sif Muna
Trog
Uskayaw
Vehumet
Wu Jian
Xom
Yredelemnul
Zin
The Shining One
Beogh

Shops:
D:5 [   D:8 *

Annotations:
D:8 Maurice
D:9 exclusion: upstairs
D:10 exclusion: 2 downstairs


Message History

The orc no longer looks unusually strong.
The orc wizard mumbles some strange words.
The orc wizard flickers and vanishes for a moment.
There is a staircase back to the Dungeon, spattered with blood here.
The orc knight roars a battlecry!
The orcs go into a battle-frenzy!
Things that are here:
a +0 long sword of slicing; a +0 chain mail; a +0 flail The orc warrior barely misses you.
The orc priest looks satisfied for a moment.
The orc knight hits you with a +0 great sword!
* * * LOW HITPOINT WARNING * * *
There is a staircase back to the Dungeon, spattered with blood here.
The orc wizard hits you but does no damage.
The orc warrior hits you from afar with a +0 glaive!!
* * * LOW HITPOINT WARNING * * *
The orc knight hits you but does no damage.
The orc hits you with a +0 club.
You die...
Your body crumbles into a pile of gold.

#........#######...).####....
#........##...........##.....
##........#..........###.....
##...................#......
###.................o......
#.......o#o.#.)).....##.#
##.....[[#o###...........
###...ooo## ##.#........
##.##@## ##.....##.# #..)##
#....##.#.# ##...# ##.#.#
.... ##.## ##### .#.. ###


You could see an orc knight, an orc warrior, an orc priest, an orc wizard
(invisible) and 2 orcs.

Vanquished Creatures
  Harold (D:11)
  2 two-headed ogres
  Nergalle (D:11)
  2 unseen horrors (D:11)
  Pikel (D:6)
  An ugly thing (D:11)
  A cyclops (D:11)
  Joseph (D:8)
  Psyche (D:11)
  A centaur skeleton (D:11)
  2 trolls
  The ghost of Danqa the Chopper, an amateur HOMo (D:4)
  Prince Ribbit (D:9)
  2 hippogriffs
  A spriggan (D:9)
  Eustachio (D:4)
  The ghost of rumpelstilzz the Skirmisher, an amateur CeFi (D:3)
  An acid dragon (D:11)
  A black bear (D:11)
  2 ice beasts
  13 orc warriors
  2 sky beasts
  The ghost of Vesto the Skirmisher, an amateur HOFi (D:3)
  A phantom (D:10)
  3 ogres
  A slave (D:6)
  An eye of draining (D:8)
  9 centaurs
  The ghost of Chiseanne the Ducker, an amateur OpMo (D:3)
  Blork the orc (D:6)
  A big kobold (D:9)
  A wyvern zombie (D:11)
  7 bullfrogs
  6 scorpions
  5 killer bees (D:10)
  5 wights
  5 howler monkeys
  8 crimson imps
  A centaur zombie (D:8)
  A quasit (D:11)
  2 jellies
  3 bullfrog skeletons
  8 orc priests
  4 hounds
  Jessica (D:2)
  4 iguanas
  Natasha (thrice) (D:2)
  11 orc wizards
  Terence (D:2)
  2 worker ants (D:11)
  The ghost of harness the Magician, a weakling DEWz (D:3)
  2 worker ant zombies
  4 gnolls (D:7)
  11 adders
  A white imp (D:10)
  2 oozes
  An adder zombie (D:8)
  2 adder skeletons (D:9)
  4 worms
  2 dart slugs
  6 leopard geckos
  35 orcs
  5 ball pythons
  5 giant cockroaches
  15 goblins
  3 hobgoblins
  10 jackals
  3 quokkas
  5 bats
  5 frilled lizards
  12 kobolds
  2 quokka skeletons
  6 rats
279 creatures vanquished.

Vanquished Creatures (others)
  An adder skeleton (D:6)
  2 withered plants (D:3)
3 creatures vanquished.

Grand Total: 282 creatures vanquished

Notes
Turn   | Place    | Note
-------+----------+-------------------------------------------
     0 | D:1      | H0rd4k the Human Artificer began the quest for the Orb.
     0 | D:1      | Reached XP level 1. HP: 15/15 MP: 3/3
   215 | D:1      | Reached XP level 2. HP: 5/21 MP: 4/4
   686 | D:1      | Reached XP level 3. HP: 18/26 MP: 5/5
   829 | D:2      | Noticed Jessica
   862 | D:2      | Noticed a bullfrog
   875 | D:2      | Killed a bullfrog
   875 | D:2      | Reached skill level 1 in Armour
   875 | D:2      | Reached XP level 4. HP: 14/32 MP: 6/6
  1087 | D:2      | Noticed Natasha
  1092 | D:2      | Killed Natasha
  1092 | D:2      | Reached XP level 5. HP: 30/37 MP: 7/7
  1132 | D:2      | Found a white marble altar of Elyvilon.
  1162 | D:2      | Found an ornate altar of the Wu Jian Council.
  1450 | D:2      | Noticed Terence
  1502 | D:2      | Found a glowing golden altar of the Shining One.
  1502 | D:2      | Found an ancient bone altar of Kikubaaqudgha.
  1502 | D:2      | Found a hide-covered altar of Uskayaw.
  1640 | D:2      | Killed Jessica
  1669 | D:2      | Found a faded altar of an unknown god.
  1682 | D:2      | Noticed Natasha
  1689 | D:2      | Reached XP level 6. HP: 34/44 MP: 8/8
  1698 | D:2      | Killed Natasha
  2163 | D:2      | Noticed Natasha
  2173 | D:2      | Killed Natasha
  2214 | D:2      | Found a sparkling altar of Nemelex Xobeh.
  2430 | D:2      | Killed Terence
  2680 | D:3      | Found a runed translucent gate.
  2680 | D:3      | Found a runed translucent gate.
  2680 | D:3      | Found a runed translucent gate.
  2680 | D:3      | Noticed Chiseanne's ghost (amateur OpMo)
  2680 | D:3      | Noticed harness's ghost (weakling DEWz)
  2680 | D:3      | Noticed Vesto's ghost (amateur HOFi)
  2680 | D:3      | Noticed rumpelstilzz's ghost (amateur CeFi)
  2779 | D:3      | Found a deep blue altar of Sif Muna.
  3694 | D:4      | Noticed Eustachio
  3697 | D:4      | Killed Eustachio
  3697 | D:4      | Reached XP level 7. HP: 51/51 MP: 10/10
  3713 | D:4      | Found a runed translucent door.
  3717 | D:4      | Noticed Danqa's ghost (amateur HOMo)
  3888 | D:4      | Found a sparkling altar of Nemelex Xobeh.
  4034 | D:4      | Found a radiant altar of Vehumet.
  4034 | D:4      | Found a burning altar of Makhleb.
  4347 | D:5      | Entered Level 5 of the Dungeon
  4868 | D:5      | Reached XP level 8. HP: 41/58 MP: 11/11
  5101 | D:5      | Found an iron altar of Okawaru.
  5218 | D:5      | Found Moocatul's Armour Emporium.
  5467 | D:6      | Found a staircase to the Ecumenical Temple.
  5494 | D:6      | Reached skill level 5 in Short Blades
  5496 | Temple   | Entered the Ecumenical Temple
  5614 | Temple   | Became a worshipper of Gozag Ym Sagoz the Greedy
  5674 | D:6      | Noticed Blork the orc
  5680 | D:6      | Killed Blork the orc
  5692 | D:6      | Found a shimmering altar of Xom.
  6113 | D:6      | You fall through a shaft for 2 floors!
  6185 | D:8      | Noticed Joseph
  6203 | D:8      | Noticed Maurice
  6495 | D:8      | Found a staircase to the Lair.
  6619 | D:6      | Found a hazy altar of Hepliaklqana.
  6699 | D:6      | Noticed Pikel
  6788 | D:6      | Killed Pikel
  6788 | D:6      | Reached skill level 5 in Evocations
  6788 | D:6      | Reached XP level 9. HP: 48/66 MP: 12/12
  7478 | D:7      | Noticed a hippogriff
  8202 | D:6      | Reached skill level 5 in Fighting
  8621 | D:6      | Killed a hippogriff
  9117 | D:6      | Reached skill level 1 in Long Blades
  9378 | D:7      | Reached skill level 5 in Dodging
  9681 | D:7      | Reached skill level 5 in Armour
  9716 | D:7      | Reached skill level 2 in Long Blades
  9748 | D:7      | Reached XP level 10. HP: 39/74 MP: 13/13
 10013 | D:7      | Found a sacrificial altar of Ru.
 10281 | D:8      | Reached skill level 3 in Long Blades
 10718 | D:8      | Killed Joseph
 10718 | D:8      | Reached skill level 4 in Long Blades
 10772 | D:9      | Noticed Prince Ribbit
 10789 | D:9      | Noticed a two-headed ogre
 10795 | D:9      | Killed a two-headed ogre
 10795 | D:9      | Reached skill level 5 in Long Blades
 10801 | D:9      | Killed Prince Ribbit
 11099 | D:9      | Reached skill level 6 in Long Blades
 11183 | D:9      | Found a staircase to the Orcish Mines.
 11953 | D:9      | Reached XP level 11. HP: 54/83 MP: 15/15
 12323 | D:9      | Found a roughly hewn altar of Beogh.
 12389 | D:10     | Entered Level 10 of the Dungeon
 12741 | D:10     | Reached skill level 7 in Long Blades
 12897 | D:10     | Found the +8 frozen axe "Frostbite" {freezing cloud, *Noise
                  | +Fly rC+}
 13422 | D:11     | Noticed a cyan ugly thing
 13518 | D:11     | Noticed Nergalle
 13730 | D:11     | Noticed a cyclops
 13733 | D:11     | Killed a cyclops
 14039 | D:11     | Reached skill level 1 in Axes
 14040 | D:11     | Killed a cyan ugly thing
 14059 | D:11     | Noticed an unseen horror
 14073 | D:11     | Noticed Psyche
 14081 | D:11     | Killed an unseen horror
 14094 | D:11     | Killed Psyche
 14094 | D:11     | Reached skill level 8 in Long Blades
 14307 | D:11     | Killed Nergalle
 14337 | D:11     | Noticed Harold
 14345 | D:11     | Killed Harold
 14421 | D:11     | Noticed an unseen horror
 14459 | D:11     | Killed an unseen horror
 14530 | D:11     | Reached XP level 12. HP: 23/92 MP: 16/16
 15207 | D:3      | Killed rumpelstilzz's ghost
 15207 | D:3      | Reached skill level 9 in Long Blades
 15210 | D:3      | Killed Chiseanne's ghost
 15216 | D:3      | Killed Vesto's ghost
 15221 | D:3      | Killed harness's ghost
 15338 | D:4      | Killed Danqa's ghost
 15673 | D:8      | Bought a scroll of brand weapon for 300 gold pieces
 15750 | Lair:1   | Entered Level 1 of the Lair of Beasts
 15750 | Lair:1   | Noticed a seven-headed hydra
 15821 | Orc:1    | Entered Level 1 of the Orcish Mines
 16235 | Orc:1    | Found a roughly hewn altar of Beogh.
 16242 | Orc:1    | Noticed a two-headed ogre
 16259 | Orc:1    | Killed a two-headed ogre
 16667 | Orc:1    | HP: 2/94 [orc warrior/+0 glaive[an orc knight] (25)]
 16667 | Orc:1    | Slain by an orc

Skill      XL: |  1  2  3  4  5  6  7  8  9 10 11 12 |
---------------+-------------------------------------+-----
Short Blades   | 2 3 4 6 |  6.8
Armour         | 1 2 3 4 5 6 7 8 |  8.2
Fighting       | 2 3 4 5 6 7 8 |  8.5
Dodging        | 3 4 5 6 7 |  7.0
Evocations     | 4 5 6 |  6.0
Stealth        | 2 3 4 |  4.2
Long Blades    | 2 6 8 9 |  9.7
Axes           | 1 |  1.4
Unarmed Combat | |  0.2

Action                   |  1- 3 |  4- 6 |  7- 9 | 10-12 || total
-------------------------+-------+-------+-------+-------++-------
Melee: Short sword       |    41 |       |       |       ||    41
       Dagger            |    33 |   196 |   307 |       ||   536
       Unarmed           |       |       |     4 |       ||     4
       Falchion          |       |       |   110 |   672 ||   782
       Executioner's axe |       |       |       |     7 ||     7
       Punch             |       |       |       |     1 ||     1
Invok: Call Merchant     |       |       |       |     1 ||     1
Evoke: Wand              |     2 |     6 |    28 |    26 ||    62
  Use: Potion            |       |       |     5 |       ||     5
       Scroll            |       |       |     6 |    10 ||    16
 Stab: Sleeping          |       |     2 |     6 |       ||     8
       Distracted        |       |     1 |       |       ||     1
  Eat: Chunk             |       |     9 |     2 |       ||    11
       Ration            |       |       |     5 |     7 ||    12
Armor: Leather armour    |    25 |    37 |    27 |       ||    89
       Scale mail        |       |       |    66 |   249 ||   315
Dodge: Dodged            |    65 |    91 |   202 |   398 ||   756
       Rpst.: Falchion   |       |       |    19 |    98 ||   117
